Arrhythmia, chaotic female vampiric Convict -------- ---------------- #.......| ------- |..............| #|......|#########-.....| #..............%| #|......|# |....>| ----------- ###|............>.-### ##+......|# ###......| #-.........|#####...............| # ##-.------# # |.....| #|.........|### -.-------------- 0############### ##0 |.....| #|.........|# ## #### # # ......| #|.@.......)# # #### ### ### ---.--- ##..0q.......# ### #### # # ## ###-----------# # ### ## ### # ----- ### ### ### # -----.- # ### |))).|### # #)# |.....-## # |))).-## ##################...<..| ###### |))).| -.------# |......## -.---------- ----- |......|# ----.-- # |..........| |......|# # ###|..........| |.......# #|..........| -------- ------------ Arrhythmia the Jail-bird Experience level: 6 Strength: 16 Dexterity: 15 Constitution: 15 Intelligence: 11 Wisdom: 9 Charisma: 8 Health: 0(45) Energy: 32(32) AC: 5 Gold: 572 Moves: 1852 Your Inventory: Coins $ - 572 gold pieces Weapons f - a [blessed +2] dwarvish mattock (weapon in hands) i - an [uncursed +0] runed dagger [elven] Armor b - a cursed +0 striped shirt (being worn) e - a [blessed] +4 iron skull cap [orcish helm] (being worn) h - a cursed -2 pair of hiking boots [water walking] (being worn) k - an [uncursed +0] pair of hard shoes [iron] m - a [blessed] +1 hooded cloak [dwarvish] (being worn) p - an [uncursed +0] mummy wrapping Comestibles j - an [uncursed] Hot Futa Mare Dick Scrolls d - an [uncursed] scroll labeled PRATYAVAYAH [of enchant weapon] o - an [uncursed] scroll labeled ASHPD [of create monster] Potions g - 2 [uncursed] clear potions [of water] Iron balls c - an [uncursed] heavy iron ball (chained to you) Spells known in the end: Name Level Category Fail Memory Your skills at the end: Fighting Skills Weapon Skills sling [Basic / Skilled] Spellcasting Skills Final Attributes: You were devoutly aligned. Hunger level was -82. Your alignment was 17 / 19. Monster difficulty range was 0 - 4. Level difficulty was 3. You were immune to level-drain. You were immune to sickness. You were punished. You could fly. You could walk on water. You could survive without air. You regenerated. Your luck was zero. You are dead. Vanquished creatures: a shrieker 2 gnome lords a kobold mummy 2 dwarves a homunculus a wererat a werejackal a gas spore 2 hobbits a cave spider 7 gnomes 2 geckos 10 jackals a fox a kobold 2 goblins 2 grid bugs 2 bats 3 lichens a kobold zombie 3 newts 47 creatures vanquished. Voluntary challenges: You went without food. You used a wielded weapon 22 times. You read items or engraved 85 times. You put on armor 5 times. You never genocided any monsters. You never polymorphed an object. You never changed form. You used no wishes. You wrote Elbereth's name 46 times. You never encountered a bones level. You never used any Sokoban shortcuts. Dungeon overview: The Dungeons of Doom: levels 1 to 3 Level 1 a long staircase Level 2 a sink Level 3 <- You were here a weapon shop stairs to The Gnomish Mines The Gnomish Mines: Level 4 stairs to The Dungeons of Doom History has recorded: On T:1 you entered the Dungeons of Doom to retrieve the Amulet of Yendor! On T:369 you reached level 2 of The Dungeons of Doom. On T:636 you advanced to experience level 2. On T:845 you advanced to experience level 3. On T:1015 you advanced to experience level 4. On T:1061 you reached level 3 of The Dungeons of Doom. On T:1445 you advanced to experience level 5. On T:1466 you reached level 1 of The Gnomish Mines. On T:1531 you advanced to experience level 6. Latest messages: You faint from lack of food. [HP+1=40] The rothe hits! The rothe bites! (2x) [HP-7=33] The rothe hits! The rothe bites! The rothe just misses! [HP-5=28] The rothe hits! The rothe bites! (2x) [HP-7=21] [HP+1=22] The rothe hits! The rothe bites! The rothe misses. [HP-3=19] The rothe hits! The rothe bites! (2x) [HP-8=11] The rothe hits! The rothe bites! (2x) You die... Final status: Goodbye Arrhythmia the Convict... You died in The Dungeons of Doom on dungeon level 3 with 1875 points, and 572 pieces of gold, after 1852 moves. You were level 6 with a maximum of 45 hit points when you died.